 Dungeon Crawl Stone Soup version 0.22.1-2-g9c5b331 (webtiles) character file.

72 Vno the Conjurer (level 4, -2/33 HPs)
             Began as a Draconian Conjurer on Dec 5, 2018.
             Was an Initiate of Vehumet.
             Killed by nerve-wracking pain
             ... invoked by a shadow imp
             ... summoned by Natasha
              (13 damage)
             ... on level 3 of the Dungeon.
             The game lasted 00:21:04 (2405 turns).

Vno the Conjurer (Draconian Conjurer)               Turns: 2405, Time: 00:21:05

Health: -2/33      AC:  5    Str: 10    XL:     4   Next: 7%
Magic:  3/8        EV: 12    Int: 17    God:    Vehumet [......]
Gold:   117        SH:  0    Dex: 11    Spells: 2/8 levels left

rFire    . . .     SeeInvis .   k - +0 dagger (freeze)
rCold    . . .     Gourm    .   (no shield)
rNeg     . . .     Faith    .   (armour unavailable)
rPois    .         Spirit   .   (helmet restricted)
rElec    .         Reflect  .   (no cloak)
rCorr    .         Harm     .   (no gloves)
MR       .....                  (no boots)
Stlth    ++........             (no amulet)
HPRegen  0.11/turn              i - ring of fire
MPRegen  0.11/turn              h - ring of ice

@: no status effects
A: unfitting armour, cold-blooded, AC +5
a: Renounce Religion


You were on level 3 of the Dungeon.
You worshipped Vehumet.
Vehumet was noncommittal.
You were hungry.

You visited 1 branch of the dungeon, and saw 3 of its levels.

You collected 117 gold pieces.

Inventory:

Hand Weapons
 f - a +0 short sword
 k - a +0 dagger of freezing (weapon)
Missiles
 g - 5 needles of confusion
Jewellery
 h - a ring of ice (right hand)
 i - a ring of fire (left hand)
Scrolls
 c - a scroll of random uselessness {unknown}
 e - 2 scrolls of amnesia {unknown}
 j - 2 scrolls of blinking {unknown}
 m - a scroll of immolation {unknown}
 n - 3 scrolls of identify {unknown}
 o - 2 scrolls of teleportation {unknown}
Potions
 a - a potion of curing
 d - 2 potions of haste {unknown}
 l - 2 potions of degeneration {unknown}
 p - a potion of might {unknown}
Comestibles
 b - 6 rations


   Skills:
 - Level 0.4 Short Blades
 - Level 1.7 Dodging
 - Level 1.8 Stealth
 + Level 2.9 Spellcasting
 + Level 5.0 Conjurations


You had 2 spell levels left.
You knew the following spells:

 Your Spells              Type           Power        Failure   Level  Hunger
a - Magic Dart            Conj           ###.         2%          1    #......
b - Searing Ray           Conj           ###...       3%          2    ##.....
c - Dazzling Spray        Conj/Hex       ##....       19%         3    ###....

Your spell library contained the following spells:

 Spells                   Type           Power        Failure   Level  Hunger
 Iskenderun's Mystic Bla  Conj           ###.....     22%         4    #####..
 Force Lance              Conj/Tloc      ##......     52%         4    #####..
 Fulminant Prism          Conj/Hex       ##........   52%         4    #####..


Dungeon Overview and Level Annotations

Branches:
Dungeon (3/15)

Altars:
Cheibriados
Qazlal
Vehumet
Xom

Annotations:
D:3 Natasha, Terence


Innate Abilities, Weirdness & Mutations

Your plain brown scales are hard. (AC +5)
You cannot fit into any form of body armour.
You are cold-blooded and may be slowed by cold attacks.


Message History

Natasha howls an incantation.
Natasha's front paws start to glow.
The shadow imp gestures at you. Pain shoots through your body!
The shadow imp gestures at you. Pain shoots through your body!
You see here 16 gold pieces.
The shadow imp gestures at you.
You barely resist. Natasha casts a spell at you. The magic dart hits you!
* * * LOW HITPOINT WARNING * * *
The white imp shouts, "Crawl home, thou frothy guts-griping snaffler!"
The shadow imp gestures at you. Pain shoots through your body!
* * * LOW HITPOINT WARNING * * *
It was a potion of curing.
You feel better. The shadow imp gestures at you. Pain shoots through your body!
You die...

.........#.#######.
.........#.# .......5.#.# #
.......g5#.# .# ###.#+#5##.#
####.## #.
#.##.####.....#### #
#.##.............
#.####....._...#
#@#............#
#.##...........#
#.#............#
#.#.._....).._.#
#.#)...........# .@...
#.#............... ... .....
..#.#.#..........###
..#.#.... ..#.#.#.._..._...#
....#...###.#.#.#..........#


You could see a white imp, 2 shadow imps and a goblin.

Vanquished Creatures
  An adder (D:2)
  A worm (D:2)
  A dart slug (D:1)
  A leopard gecko (D:2)
  An orc (D:3)
  2 ball pythons (D:2)
  4 giant cockroaches
  7 hobgoblins
  10 kobolds
  A quokka (D:2)
  6 bats
  2 frilled lizards
  10 goblins
  7 rats
54 creatures vanquished.

Notes
Turn   | Place    | Note
-------+----------+-------------------------------------------
     0 | D:1      | Vno the Draconian Conjurer began the quest for the Orb.
     0 | D:1      | Reached XP level 1. HP: 14/14 MP: 3/3
   454 | D:1      | Reached XP level 2. HP: 20/20 MP: 1/5
   940 | D:1      | Reached XP level 3. HP: 26/26 MP: 3/6
  1438 | D:2      | Learned a level 2 spell: Searing Ray
  1442 | D:2      | Learned a level 3 spell: Dazzling Spray
  1848 | D:2      | Reached skill level 5 in Conjurations
  1989 | D:2      | Found a radiant altar of Vehumet.
  1989 | D:2      | Found a stormy altar of Qazlal.
  1994 | D:2      | Became a worshipper of Vehumet
  2097 | D:2      | Found a snail-covered altar of Cheibriados.
  2122 | D:2      | Reached XP level 4. HP: 33/33 MP: 4/8
  2331 | D:3      | Noticed Terence
  2337 | D:3      | Found a shimmering altar of Xom.
  2342 | D:3      | Found a shimmering altar of Xom.
  2344 | D:3      | Found a shimmering altar of Xom.
  2344 | D:3      | Found a shimmering altar of Xom.
  2346 | D:3      | Found a shimmering altar of Xom.
  2346 | D:3      | Found a shimmering altar of Xom.
  2348 | D:3      | Found a shimmering altar of Xom.
  2380 | D:3      | Noticed Natasha
  2405 | D:3      | Killed from afar by a shadow imp

Skill      XL: |  1  2  3 |
---------------+----------+-----
Conjurations   | 5 |  5.0
Short Blades   | |  0.4
Dodging        | |  1.7
Stealth        | |  1.8
Spellcasting   | |  2.9

Action                   |  1- 3 |  4- 6 || total
-------------------------+-------+-------++-------
Melee: Unarmed           |    10 |       ||    10
       Tailslap          |     4 |       ||     4
       Short sword       |    17 |       ||    17
       Dagger            |    15 |     6 ||    21
 Cast: Magic Dart        |    65 |     6 ||    71
       Searing Ray       |     8 |     1 ||     9
  Use: Potion            |       |     1 ||     1
 Stab: Sleeping          |     1 |       ||     1
  Eat: Chunk             |     5 |       ||     5
Armor: Skin              |    18 |     2 ||    20
Dodge: Dodged            |    50 |     5 ||    55
